[Event "11th Arad Open 2018"]
[Site "Arad"]
[Date "2018.08.10"]
[Round "7"]
[White "Dobrin, Ionut-Alexandru"]
[Black "Martian, Dragos-Daniel"]
[Result "0-1"]
[ECO "E20"]
[WhiteElo "1889"]
[BlackElo "2223"]
[Annotator "NA"]
[PlyCount "72"]
[EventDate "2018.08.05"]
[EventType "swiss"]
[EventCountry "ROU"]
[SourceTitle "playchess.com"]
[Source "ChessBase"]
[SourceQuality "1"]
[TimeControl "40/5400+30:1800+30"]

1. d4 Nf6 2. c4 e6 3. Nc3 Bb4 4. f3 c5 5. a3 Bxc3+ 6. bxc3 b6 7. e4 d6 8. Bg5 Nc6 9. Ne2 O-O 10. g4 Ba6 11. Ng3 cxd4 12. Nh5 e5 13. Bxf6 gxf6 14. Qd2 Kh8 15. Qh6 Rg8 16. Nxf6 Rg7 17. Rg1 Ne7 18. cxd4 exd4 19. Rg3 Ng8 20. Nxg8 Kxg8 21. Rd1 Rg6 22. Qh5 Rc8 23. Rh3 h6 24. f4 Rc5 25. f5 Qe7 26. Rxd4 Qf6 27. Rd1 Bxc4 28. Bxc4 Rxc4 29. Re3 Rg5 30. Qh3 h5 31. gxh5 Rg1+ 32. Ke2 Rc2+ 33. Rd2 Rxd2+ 34. Kxd2 Qb2+ 35. Kd3 Rd1+ 36. Kc4 Rd4# {Kxd4} 0-1

[Event "11th Arad Open 2018"]
[Site "Arad"]
[Date "2018.08.10"]
[Round "7"]
[White "Morariu, Daniel"]
[Black "Cioara, Andrei-Nestor"]
[Result "0-1"]
[ECO "A03"]
[WhiteElo "1688"]
[BlackElo "2435"]
[Annotator "NA RC"]
[PlyCount "87"]
[EventDate "2018.08.05"]
[EventType "swiss"]
[EventCountry "ROU"]
[SourceTitle "playchess.com"]
[Source "ChessBase"]
[SourceQuality "1"]
[TimeControl "40/5400+30:1800+30"]

1. f4 d5 2. e3 g6 3. Nf3 Bg7 4. c3 c5 5. d4 Nc6 6. Bd3 Nh6 7. O-O Bf5 8. Bxf5 Nxf5 9. Ne5 O-O 10. Nxc6 bxc6 11. Qe2 Qb6 12. Kh1 e6 13. Nd2 cxd4 14. exd4 c5 15. dxc5 Qxc5 16. Nb3 Qc7 17. Be3 Rfb8 18. Bg1 Qc4 19. Qd2 a5 20. Nd4 Nxd4 21. Bxd4 Bxd4 22. cxd4 Qb4 23. Rf2 Rc8 24. Qxb4 axb4 25. b3 Rc3 26. Rd1 h5 27. g3 Kg7 28. Kg2 Kf6 29. Rdd2 Rac8 30. Rfe2 Rc1 31. Kh3 R8c3 32. Kh4 Rf1 33. Re5 Rff3 34. Ree2 Rfd3 35. Kh3 Rxd2 36. Rxd2 Kf5 37. Kh4 f6 38. Re2 Rd3 39. Kh3 Rxd4 40. Kg2 Rd3 41. Kf2 e5 42. fxe5 fxe5 43. Rc2 Rc3 44. Rd2 0-1

[Event "11th Arad Open 2018"]
[Site "Arad"]
[Date "2018.08.11"]
[Round "8"]
[White "Georgiev, Kiril"]
[Black "Georgescu, Tiberiu-Marian"]
[Result "1/2-1/2"]
[ECO "E10"]
[WhiteElo "2593"]
[BlackElo "2495"]
[Annotator "RC"]
[PlyCount "127"]
[EventDate "2018.08.05"]
[EventType "swiss"]
[EventCountry "ROU"]
[SourceTitle "playchess.com"]
[Source "ChessBase"]
[SourceQuality "1"]
[TimeControl "40/5400+30:1800+30"]

1. d4 Nf6 2. c4 e6 3. Nf3 d5 4. g3 Bb4+ 5. Bd2 Be7 6. Bg2 c6 7. Qc2 Nbd7 8. O-O O-O 9. Rd1 b6 10. Bf4 Ba6 11. b3 Rc8 12. Nc3 Qe8 13. e4 dxc4 14. Nd2 e5 15. dxe5 Ng4 16. Nxc4 Bxc4 17. bxc4 Bc5 18. Rd2 Ngxe5 19. Rad1 Qe7 20. Na4 Bb4 21. Rd4 Rfe8 22. Qb3 g5 23. Bxg5 Qxg5 24. Qxb4 c5 25. Qd2 Qxd2 26. R4xd2 Nf8 27. Nb2 Ne6 28. f4 Nc6 29. e5 Ned4 30. Kf2 Rc7 31. Na4 Na5 32. Nc3 Nxc4 33. Nd5 Rc6 34. Rxd4 cxd4 35. Ne7+ Rxe7 36. Bxc6 Rc7 37. Be4 Rd7 38. Bc6 Rd8 39. Be4 b5 40. Ke2 a5 41. Rc1 Nb2 42. Bd3 Na4 43. Rc7 Nc3+ 44. Kd2 a4 45. Rb7 a3 46. f5 Nxa2 47. Rxb5 Nc3 48. Ra5 a2 49. Bc4 Ne4+ 50. Kc2 Nf2 51. Rxa2 d3+ 52. Kd2 Ne4+ 53. Ke3 d2 54. Be2 d1=Q 55. Bxd1 Nc3 56. Bb3 Nxa2 57. Bxa2 Ra8 58. Bc4 Ra4 59. Bd3 h5 60. h4 Kg7 61. f6+ Kh6 62. Be4 Ra5 63. Kf4 Rxe5 64. Kxe5 1/2-1/2

[Event "11th Arad Open 2018"]
[Site "Arad"]
[Date "2018.08.11"]
[Round "8"]
[White "Aczel, Gergely"]
[Black "Costachi, Mihnea"]
[Result "0-1"]
[ECO "E81"]
[WhiteElo "2551"]
[BlackElo "2453"]
[Annotator "ChessBase"]
[PlyCount "88"]
[EventDate "2018.08.05"]
[EventType "swiss"]
[EventCountry "ROU"]
[SourceTitle "playchess.com"]
[Source "ChessBase"]
[SourceQuality "1"]
[TimeControl "40/5400+30:1800+30"]

1. d4 Nf6 2. c4 g6 3. Nc3 Bg7 4. e4 d6 5. f3 O-O 6. Be3 c5 7. Nge2 Nc6 8. d5 Ne5 9. Ng3 e6 10. Be2 exd5 11. cxd5 b5 12. Nxb5 Rb8 13. Qd2 h5 14. O-O h4 15. Nh1 h3 16. Nc3 hxg2 17. Kxg2 Nh5 18. Rab1 Rb4 19. Nf2 f5 20. Bg5 Bf6 21. Bh6 Rd4 22. Qc1 Bg7 23. Bg5 Bf6 24. Bh6 Nf7 25. Be3 Rb4 26. Rg1 f4 27. Bd2 Bd4 28. Qe1 Qg5+ 29. Kh1 Qh4 30. Nd3 Ng3+ 31. Rxg3 fxg3 32. Qxg3 Qxg3 33. hxg3 Rb7 34. Nf4 Ne5 35. Kg2 g5 36. Ne6 Bxe6 37. dxe6 Nxf3 38. e7 Rxe7 39. Bxf3 Ref7 40. Bf4 gxf4 41. e5 dxe5 42. Bd5 f3+ 43. Kf1 Kg7 44. Bxf7 Rh8 0-1

[Event "11th Arad Open 2018"]
[Site "Arad"]
[Date "2018.08.11"]
[Round "8"]
[White "Jianu, Vlad-Cristian"]
[Black "Womacka, Mathias"]
[Result "1-0"]
[ECO "A62"]
[WhiteElo "2542"]
[BlackElo "2450"]
[Annotator "ChessBase"]
[PlyCount "97"]
[EventDate "2018.08.05"]
[EventType "swiss"]
[EventCountry "ROU"]
[SourceTitle "playchess.com"]
[Source "ChessBase"]
[SourceQuality "1"]
[TimeControl "40/5400+30:1800+30"]

1. d4 Nf6 2. c4 e6 3. g3 c5 4. d5 exd5 5. cxd5 d6 6. Nc3 g6 7. Bg2 Bg7 8. Nf3 O-O 9. O-O Re8 10. Bf4 Ne4 11. Nxe4 Rxe4 12. Nd2 Rxf4 13. gxf4 Bxb2 14. Rb1 Bg7 15. e4 Nd7 16. Qf3 b5 17. Rfe1 Rb8 18. Qg3 Qc7 19. Nf3 Nf6 20. Qh4 Nh5 21. f5 Bd7 22. fxg6 hxg6 23. Qg5 Re8 24. Rbd1 c4 25. Qe3 Nf6 26. Ng5 Qd8 27. h3 a5 28. f4 Bh6 29. Rf1 Qe7 30. e5 Nh5 31. e6 fxe6 32. dxe6 Bxg5 33. fxg5 Bxe6 34. Rde1 Qd7 35. Qb6 Ng3 36. Bc6 Qd8 37. Qxd8 Rxd8 38. Rxe6 Nxf1 39. Kxf1 Rf8+ 40. Rf6 c3 41. Bd5+ Kg7 42. Rxf8 Kxf8 43. Ke2 b4 44. Bb3 Ke7 45. h4 d5 46. Kd3 Ke6 47. Kd4 Kf5 48. Kxd5 Kg4 49. Ke4 1-0

[Event "11th Arad Open 2018"]
[Site "Arad"]
[Date "2018.08.11"]
[Round "8"]
[White "Balog, Imre"]
[Black "Mastrovasilis, Dimitrios"]
[Result "1/2-1/2"]
[ECO "D43"]
[WhiteElo "2540"]
[BlackElo "2586"]
[Annotator "ChessBase"]
[PlyCount "134"]
[EventDate "2018.08.05"]
[EventType "swiss"]
[EventCountry "ROU"]
[SourceTitle "playchess.com"]
[Source "ChessBase"]
[SourceQuality "1"]
[TimeControl "40/5400+30:1800+30"]

1. d4 d5 2. Nf3 Nf6 3. c4 c6 4. Nc3 e6 5. Bg5 h6 6. Bxf6 Qxf6 7. e3 Nd7 8. Qc2 Bb4 9. a3 Bxc3+ 10. Qxc3 O-O 11. Bd3 Re8 12. cxd5 exd5 13. O-O Nb6 14. a4 a5 15. b4 Bf5 16. Bxf5 Qxf5 17. Nd2 axb4 18. Qxb4 Ra6 19. a5 Rea8 20. Nb3 Nc4 21. Qxb7 Qc8 22. Qxc8+ Rxc8 23. Rfc1 Rb8 24. Rc3 Kf8 25. h4 Ke7 26. Kh2 Rb5 27. Ra4 Nb6 28. Ra2 Nc4 29. Kg3 Kd6 30. f3 Kc7 31. e4 dxe4 32. fxe4 Nd6 33. Re2 f5 34. exf5 Nxf5+ 35. Kh3 Rb4 36. Re4 h5 37. g4 hxg4+ 38. Kxg4 Nh6+ 39. Kf4 Kd6 40. Rg3 Ra7 41. Re5 Rf7+ 42. Ke4 Rf1 43. Rg6+ Rf6 44. Rxf6+ gxf6 45. Rh5 f5+ 46. Kd3 Rxb3+ 47. Kc4 Ra3 48. Rxh6+ Kc7 49. Rh7+ Kd6 50. Ra7 f4 51. a6 f3 52. Rf7 Ra4+ 53. Kd3 Rxa6 54. Rxf3 Ra1 55. Ke4 c5 56. dxc5+ Kxc5 57. Kf5 Kd6 58. Kf6 Kd7 59. Kf7 Rh1 60. Rf4 Kd6 61. Kf6 Kd7 62. Kf7 Kd6 63. Kg6 Ke7 64. Rf7+ Ke6 65. Rh7 Rg1+ 66. Kh6 Kf6 67. h5 Rg8 1/2-1/2

[Event "11th Arad Open 2018"]
[Site "Arad"]
[Date "2018.08.11"]
[Round "8"]
[White "Deepan Chakkravarthy J."]
[Black "Gavrilescu, David"]
[Result "1-0"]
[ECO "A06"]
[WhiteElo "2530"]
[BlackElo "2468"]
[Annotator "ChessBase"]
[PlyCount "65"]
[EventDate "2018.08.05"]
[EventType "swiss"]
[EventCountry "ROU"]
[SourceTitle "playchess.com"]
[Source "ChessBase"]
[SourceQuality "1"]
[TimeControl "40/5400+30:1800+30"]

1. Nf3 d5 2. g3 Nf6 3. Bg2 c5 4. O-O e6 5. c4 d4 6. d3 h6 7. b4 cxb4 8. a3 bxa3 9. Nbd2 Nc6 10. Qa4 Bd7 11. Bxa3 Bxa3 12. Qxa3 Qe7 13. Nb3 e5 14. Na5 Qxa3 15. Rxa3 O-O 16. Nxb7 Rab8 17. Na5 Rb2 18. Nxc6 Bxc6 19. Re1 Bxf3 20. Bxf3 Re8 21. Rxa7 e4 22. dxe4 Nxe4 23. Rd7 Rd2 24. h4 g6 25. Ra1 Nf6 26. Rc7 d3 27. exd3 Rxd3 28. Kg2 Rc3 29. Raa7 Rf8 30. c5 g5 31. hxg5 hxg5 32. g4 Rc4 33. c6 1-0

[Event "11th Arad Open 2018"]
[Site "Arad"]
[Date "2018.08.11"]
[Round "8"]
[White "Swayams, Mishra"]
[Black "Posedaru, Bogdan"]
[Result "1-0"]
[ECO "D02"]
[WhiteElo "2467"]
[BlackElo "2326"]
[Annotator "ChessBase"]
[PlyCount "85"]
[EventDate "2018.08.05"]
[EventType "swiss"]
[EventCountry "ROU"]
[SourceTitle "playchess.com"]
[Source "ChessBase"]
[SourceQuality "1"]
[TimeControl "40/5400+30:1800+30"]

1. d4 d5 2. Nf3 e6 3. Bf4 c5 4. e3 Nf6 5. c3 Nc6 6. Nbd2 cxd4 7. exd4 Nh5 8. Be3 Bd6 9. Ne5 g6 10. g4 Ng7 11. h4 h5 12. Bg5 Qb6 13. Bf6 Kf8 14. Nb3 a5 15. Rb1 Rh7 16. Bd3 a4 17. Nd2 Nxe5 18. dxe5 Bc5 19. Rh2 hxg4 20. Qxg4 Nh5 21. Bg5 Qc7 22. Nf3 a3 23. b4 f5 24. Qg1 Bb6 25. Bd2 Rg7 26. Rc1 Ke8 27. Rg2 Qf7 28. Be2 Bc7 29. c4 d4 30. Rd1 d3 31. Bxd3 Bd7 32. b5 Ba5 33. Bxa5 Rxa5 34. Rh2 Qe7 35. Qg5 b6 36. Be2 Qxg5 37. hxg5 Ra4 38. Nd4 Nf4 39. Rh8+ Ke7 40. Nc6+ Bxc6 41. bxc6 Ra7 42. Rdd8 Rc7 43. Rde8+ 1-0

[Event "11th Arad Open 2018"]
[Site "Arad"]
[Date "2018.08.11"]
[Round "8"]
[White "Cioara, Andrei-Nestor"]
[Black "Dinu, Dumitru-Daniel"]
[Result "1-0"]
[ECO "A57"]
[WhiteElo "2435"]
[BlackElo "2225"]
[Annotator "NA RC"]
[PlyCount "55"]
[EventDate "2018.08.05"]
[EventType "swiss"]
[EventCountry "ROU"]
[SourceTitle "playchess.com"]
[Source "ChessBase"]
[SourceQuality "1"]
[TimeControl "40/5400+30:1800+30"]

1. d4 Nf6 2. c4 c5 3. d5 b5 4. Qc2 bxc4 5. e4 Bb7 6. Bxc4 e6 7. Nc3 Na6 8. Bg5 Be7 9. Bf4 Nb4 10. Qb3 Nxe4 11. Nxe4 exd5 12. Nd6+ Bxd6 13. Bxd6 Qf6 14. Bxc5 dxc4 15. Qxb4 Bxg2 16. O-O-O Qh6+ 17. Kb1 Bxh1 18. f3 Qc6 19. Rd6 Qc7 20. Rd5 f6 21. Qe1+ Kf7 22. Qe7+ Kg6 23. Qe4+ Kf7 24. Qxc4 Kg6 25. Qg4+ Kf7 26. Rxd7+ Qxd7 27. Qxd7+ Kg6 28. Nh3 1-0

[Event "11th Arad Open 2018"]
[Site "Arad"]
[Date "2018.08.11"]
[Round "8"]
[White "Sanduleac, Vasile"]
[Black "Vajda, Levente"]
[Result "0-1"]
[ECO "C00"]
[WhiteElo "2420"]
[BlackElo "2558"]
[Annotator "ChessBase"]
[PlyCount "80"]
[EventDate "2018.08.05"]
[EventType "swiss"]
[EventCountry "ROU"]
[SourceTitle "playchess.com"]
[Source "ChessBase"]
[SourceQuality "1"]
[TimeControl "40/5400+30:1800+30"]

1. e4 e6 2. d3 d5 3. Nd2 Nf6 4. Ngf3 c5 5. g3 Nc6 6. Bg2 b6 7. O-O Ba6 8. exd5 exd5 9. Re1+ Be7 10. d4 O-O 11. Ne5 Nxd4 12. c3 Ne6 13. Nc6 Qc7 14. Nxe7+ Qxe7 15. Nf1 Qd7 16. Ne3 Rad8 17. Nf5 Rfe8 18. Bd2 Bd3 19. Ne3 Be4 20. f3 Bg6 21. Bh3 Qb5 22. Qb3 Qc6 23. Bg2 c4 24. Qa3 d4 25. Ng4 Nxg4 26. fxg4 Qc7 27. Qb4 Bd3 28. Rac1 Qd7 29. g5 dxc3 30. bxc3 Nc5 31. Be3 Re5 32. Bxc5 Rxc5 33. Re3 Bf5 34. Rce1 Be6 35. h4 g6 36. Kh2 Rb5 37. Qa3 Ra5 38. Qb2 Qd2 39. R1e2 Qxb2 40. Rxb2 Rd3 0-1

[Event "11th Arad Open 2018"]
[Site "Arad"]
[Date "2018.08.11"]
[Round "8"]
[White "Secheres, Adrian-Simion"]
[Black "Vrencian, Lehel"]
[Result "1/2-1/2"]
[ECO "B84"]
[WhiteElo "2407"]
[BlackElo "2293"]
[Annotator "NA"]
[PlyCount "131"]
[EventDate "2018.08.05"]
[EventType "swiss"]
[EventCountry "ROU"]
[SourceTitle "playchess.com"]
[Source "ChessBase"]
[SourceQuality "1"]
[TimeControl "40/5400+30:1800+30"]

1. e4 c5 2. Nf3 e6 3. d4 cxd4 4. Nxd4 Nf6 5. Nc3 d6 6. Be2 a6 7. O-O b5 8. a3 Bb7 9. Qe1 Be7 10. f4 O-O 11. Bf3 Qc7 12. Kh1 Nc6 13. Be3 Rfe8 14. Qg3 Rac8 15. Nxc6 Bxc6 16. Bd4 g6 17. Rae1 a5 18. e5 Nd7 19. f5 dxe5 20. fxe6 fxe6 21. Bxc6 exd4 22. Qxc7 Rxc7 23. Bxd7 Rxd7 24. Nxb5 Bf8 25. Re4 Bg7 26. a4 e5 27. Rfe1 Rc8 28. R1e2 Rc4 29. b3 d3 30. bxc4 dxc2 31. Re1 Rd1 32. Nc3 c1=Q 33. Nxd1 Qc2 34. c5 h5 35. c6 Qxc6 36. Nb2 h4 37. Nd3 h3 38. gxh3 Qd5 39. Nf2 Bf8 40. Ng4 Bg7 41. Kg2 Kh7 42. R1e2 Qc6 43. Kg3 Qc3+ 44. R2e3 Qa1 45. Kg2 Qa2+ 46. Re2 Qd5 47. h4 Qc6 48. h3 Qd5 49. Kg3 Qd1 50. Kh2 Qb3 51. Kg2 Qd5 52. Kg3 Qd1 53. Kh2 Qb3 54. Nxe5 Bxe5+ 55. Rxe5 Qxa4 56. h5 gxh5 57. Rxh5+ Kg6 58. Rhe5 Qb4 59. R5e4 Qd6+ 60. Kg2 Qd5 61. Kg3 a4 62. Rg4+ Kh5 63. Rh4+ Kg5 64. Rg4+ Kh5 65. Rh4+ Kg5 66. Rg4+ 1/2-1/2

[Event "11th Arad Open 2018"]
[Site "Arad"]
[Date "2018.08.11"]
[Round "8"]
[White "Abramovic, Bosko"]
[Black "Coca, Cristi-Iulian"]
[Result "1-0"]
[ECO "A00"]
[WhiteElo "2400"]
[BlackElo "2024"]
[Annotator "NA"]
[PlyCount "89"]
[EventDate "2018.08.05"]
[EventType "swiss"]
[EventCountry "ROU"]
[SourceTitle "playchess.com"]
[Source "ChessBase"]
[SourceQuality "1"]
[TimeControl "40/5400+30:1800+30"]

1. g3 Nf6 2. Bg2 g6 3. e4 d6 4. d4 Bg7 5. Ne2 O-O 6. Nbc3 e5 7. h3 exd4 8. Nxd4 Re8 9. O-O Nc6 10. Be3 Bd7 11. Re1 Qc8 12. Kh2 Re5 13. f3 Rh5 14. Nxc6 bxc6 15. h4 Rb8 16. Rb1 Rb7 17. b3 h6 18. Kg1 Kh7 19. Qd2 Re5 20. Ne2 d5 21. Bd4 Re6 22. Nf4 Re8 23. exd5 cxd5 24. Nxd5 Nxd5 25. Bxg7 Kxg7 26. Qxd5 Rb6 27. Rbd1 Rd6 28. Qc5 Rxd1 29. Rxd1 Kg8 30. Qxa7 Bf5 31. Qf2 Qa6 32. c4 h5 33. Kh2 Ra8 34. Rd2 Bb1 35. f4 Re8 36. Bh3 Qf6 37. Bg2 Qa6 38. Rb2 Bf5 39. Re2 Rd8 40. Qc5 Bg4 41. Qxc7 Rc8 42. Qb7 Qf6 43. Qe7 Qd4 44. Qe3 Qa1 45. Rd2 1-0

[Event "11th Arad Open 2018"]
[Site "Arad"]
[Date "2018.08.11"]
[Round "8"]
[White "Stoleriu, George"]
[Black "Ciorgovean, Iustin"]
[Result "0-1"]
[ECO "B23"]
[WhiteElo "2392"]
[BlackElo "2245"]
[Annotator "NA"]
[PlyCount "52"]
[EventDate "2018.08.05"]
[EventType "swiss"]
[EventCountry "ROU"]
[SourceTitle "playchess.com"]
[Source "ChessBase"]
[SourceQuality "1"]
[TimeControl "40/5400+30:1800+30"]

1. e4 c5 2. Nc3 d6 3. f4 g6 4. Nf3 Bg7 5. Bb5+ Bd7 6. Bc4 Nc6 7. O-O e6 8. d3 Nge7 9. f5 exf5 10. Qe1 Ne5 11. Nxe5 dxe5 12. exf5 Nxf5 13. Ne4 O-O 14. g4 Nd4 15. Bg5 Qb6 16. Be7 Qxb2 17. Rb1 Qxc2 18. Bxf8 Rxf8 19. Rxb7 Ne2+ 20. Kh1 Bc6 21. Rbxf7 Bxe4+ 22. R7f3+ Qxc4 23. dxc4 Rxf3 24. Kg2 Nf4+ 25. Kg1 Nh3+ 26. Kg2 Re3+ 0-1

[Event "11th Arad Open 2018"]
[Site "Arad"]
[Date "2018.08.11"]
[Round "8"]
[White "Bogdan, Dan"]
[Black "Terbe, Julianna"]
[Result "1/2-1/2"]
[ECO "A06"]
[WhiteElo "2382"]
[BlackElo "2234"]
[Annotator "NA"]
[PlyCount "57"]
[EventDate "2018.08.05"]
[EventType "swiss"]
[EventCountry "ROU"]
[SourceTitle "playchess.com"]
[Source "ChessBase"]
[SourceQuality "1"]
[TimeControl "40/5400+30:1800+30"]

1. Nf3 d5 2. g3 Nf6 3. Bg2 c6 4. O-O Bf5 5. d3 e6 6. Nc3 h6 7. Nd2 Be7 8. e4 Bh7 9. Qe2 O-O 10. f4 b5 11. Nd1 Nbd7 12. Nf2 Rc8 13. Kh1 c5 14. f5 dxe4 15. fxe6 exd3 16. Nxd3 c4 17. Nf4 Nc5 18. Nf3 Nxe6 19. Nxe6 fxe6 20. Qxe6+ Kh8 21. c3 Bc5 22. Bf4 Re8 23. Qa6 Ne4 24. h3 Qb6 25. Qxb6 axb6 26. Kh2 Nf2 27. b4 cxb3 28. axb3 Nd3 29. Bd2 1/2-1/2

[Event "11th Arad Open 2018"]
[Site "Arad"]
[Date "2018.08.11"]
[Round "8"]
[White "Baratosi, Daniel"]
[Black "Zubcu, Vlad-George"]
[Result "1-0"]
[ECO "A00"]
[WhiteElo "2371"]
[BlackElo "2202"]
[Annotator "NA"]
[PlyCount "43"]
[EventDate "2018.08.05"]
[EventType "swiss"]
[EventCountry "ROU"]
[SourceTitle "playchess.com"]
[Source "ChessBase"]
[SourceQuality "1"]
[TimeControl "40/5400+30:1800+30"]

1. g3 d5 2. Bg2 Nf6 3. f4 Bf5 4. Nf3 c6 5. O-O e6 6. e3 Nbd7 7. Nc3 h6 8. d3 Be7 9. Qe2 Qc7 10. e4 dxe4 11. dxe4 Bg4 12. h3 Bxf3 13. Rxf3 e5 14. a3 exf4 15. gxf4 O-O-O 16. e5 Ne8 17. b4 g5 18. b5 gxf4 19. Bxf4 Bg5 20. Bg3 Qb6+ 21. Bf2 c5 22. Qe4 1-0

[Event "11th Arad Open 2018"]
[Site "Arad"]
[Date "2018.08.11"]
[Round "8"]
[White "Abramciuc, Marius"]
[Black "Kelly, Ladislau-Endre"]
[Result "0-1"]
[ECO "B01"]
[WhiteElo "2357"]
[BlackElo "2173"]
[Annotator "NA"]
[PlyCount "46"]
[EventDate "2018.08.05"]
[EventType "swiss"]
[EventCountry "ROU"]
[SourceTitle "playchess.com"]
[Source "ChessBase"]
[SourceQuality "1"]
[TimeControl "40/5400+30:1800+30"]

1. e4 d5 2. exd5 Nf6 3. d4 Bg4 4. Be2 Bxe2 5. Qxe2 Qxd5 6. Nf3 e6 7. c4 Qf5 8. d5 Bc5 9. dxe6 O-O 10. O-O Nc6 11. Nc3 Rae8 12. exf7+ Rxf7 13. Be3 Ng4 14. Nd5 Qh5 15. h3 Nge5 16. Nd4 Qh4 17. Nb3 Nf3+ 18. gxf3 Qxh3 19. Nxc5 Nd4 20. Bxd4 Rxe2 21. Rfe1 Rf5 22. Ne7+ Rxe7 23. Ne4 Rxe4 0-1

[Event "11th Arad Open 2018"]
[Site "Arad"]
[Date "2018.08.11"]
[Round "8"]
[White "Tiba, Vladyslav"]
[Black "Antal, Gergely"]
[Result "0-1"]
[ECO "B30"]
[WhiteElo "2356"]
[BlackElo "2549"]
[Annotator "ChessBase"]
[PlyCount "77"]
[EventDate "2018.08.05"]
[EventType "swiss"]
[EventCountry "ROU"]
[SourceTitle "playchess.com"]
[Source "ChessBase"]
[SourceQuality "1"]
[TimeControl "40/5400+30:1800+30"]

1. e4 c5 2. Nf3 Nc6 3. Bb5 e6 4. O-O Nge7 5. d4 cxd4 6. Nxd4 Qb6 7. Nxc6 dxc6 8. Be2 Ng6 9. Nd2 Qc7 10. a4 e5 11. Nc4 Be6 12. Be3 Be7 13. a5 O-O 14. g3 Rfd8 15. Qb1 Nf4 16. gxf4 exf4 17. Qc1 fxe3 18. Qxe3 Rab8 19. Qg3 Qxg3+ 20. hxg3 Rd4 21. b3 Rxe4 22. Bf3 Rd4 23. Rfd1 Rxd1+ 24. Rxd1 a6 25. Nd6 Rd8 26. Nc4 Rxd1+ 27. Bxd1 Bb4 28. Kf1 Kf8 29. Bf3 Ke7 30. Ke2 Bf5 31. Ne3 Be6 32. Nc4 Bxc4+ 33. bxc4 Bxa5 34. Bg4 Kd6 35. Bc8 Kc7 36. Bf5 g6 37. Bh3 Bb4 38. Kd3 a5 39. Kd4 0-1

[Event "11th Arad Open 2018"]
[Site "Arad"]
[Date "2018.08.11"]
[Round "8"]
[White "Balla, Tamas-Kristof"]
[Black "Calin, Alexandru"]
[Result "1-0"]
[ECO "C41"]
[WhiteElo "2352"]
[BlackElo "2215"]
[Annotator "NA"]
[PlyCount "75"]
[EventDate "2018.08.05"]
[EventType "swiss"]
[EventCountry "ROU"]
[SourceTitle "playchess.com"]
[Source "ChessBase"]
[SourceQuality "1"]
[TimeControl "40/5400+30:1800+30"]

1. e4 e5 2. Nf3 d6 3. d4 exd4 4. Nxd4 Nf6 5. f3 Be7 6. c4 O-O 7. Nc3 c6 8. Be3 Re8 9. Qd2 Bf8 10. O-O-O a6 11. Nf5 Bxf5 12. exf5 Qa5 13. g4 b5 14. Kb1 bxc4 15. Bxc4 Nfd7 16. Bb3 d5 17. Rhe1 Rc8 18. Qf2 Bb4 19. Re2 Nc5 20. Bc2 Nbd7 21. Bd4 Rab8 22. Qe3 Nb7 23. Bxg7 f6 24. Qe6+ Kxg7 25. Qxd7+ Kh8 26. Na4 Nc5 27. Nxc5 Qxc5 28. Qe6 Rf8 29. Bb3 Qb5 30. Rc2 Rbc8 31. Rdc1 Qd3 32. Qe2 Qxe2 33. Rxe2 d4 34. Re6 d3 35. Rcxc6 Rxc6 36. Rxc6 Re8 37. a3 Be1 38. Re6 1-0

[Event "11th Arad Open 2018"]
[Site "Arad"]
[Date "2018.08.11"]
[Round "8"]
[White "Ileana, George"]
[Black "Virag, Balint"]
[Result "1-0"]
[ECO "A05"]
[WhiteElo "2324"]
[BlackElo "2137"]
[Annotator "NA"]
[PlyCount "61"]
[EventDate "2018.08.05"]
[EventType "swiss"]
[EventCountry "ROU"]
[SourceTitle "playchess.com"]
[Source "ChessBase"]
[SourceQuality "1"]
[TimeControl "40/5400+30:1800+30"]

1. Nf3 Nf6 2. c4 g6 3. b3 Bg7 4. Bb2 O-O 5. e3 d5 6. Be2 c5 7. O-O Nc6 8. cxd5 Nxd5 9. Bxg7 Kxg7 10. d4 cxd4 11. Nxd4 Nxd4 12. Qxd4+ Nf6 13. Qb4 a5 14. Qc3 Be6 15. Na3 Rc8 16. Qb2 Qb6 17. Rac1 Rfd8 18. Bc4 Bf5 19. Rfd1 Qb4 20. f3 b5 21. Rxd8 Rxd8 22. Nxb5 Rd2 23. Qc3 Qxc3 24. Nxc3 Bc2 25. Kf1 Bd3+ 26. Ke1 Rxg2 27. Bxd3 Rxh2 28. Rc2 Rh1+ 29. Bf1 Nh5 30. Kf2 Ng3 31. Bg2 1-0

[Event "11th Arad Open 2018"]
[Site "Arad"]
[Date "2018.08.11"]
[Round "8"]
[White "Banzea, Alexandru-Bogdan"]
[Black "Filip, Lucian-Ioan"]
[Result "1/2-1/2"]
[ECO "C18"]
[WhiteElo "2313"]
[BlackElo "2426"]
[Annotator "NA"]
[PlyCount "62"]
[EventDate "2018.08.05"]
[EventType "swiss"]
[EventCountry "ROU"]
[SourceTitle "playchess.com"]
[Source "ChessBase"]
[SourceQuality "1"]
[TimeControl "40/5400+30:1800+30"]

1. e4 e6 2. d4 d5 3. Nc3 Bb4 4. e5 c5 5. a3 Bxc3+ 6. bxc3 Qc7 7. a4 Ne7 8. Nf3 h6 9. Bb5+ Bd7 10. Bd3 Nbc6 11. O-O cxd4 12. cxd4 Nb4 13. Ba3 Nxd3 14. cxd3 Bc6 15. Nh4 Ng6 16. Nxg6 fxg6 17. Re1 Kf7 18. Re3 Be8 19. Bd6 Qd7 20. a5 Kg8 21. h4 Kh7 22. Rb1 Rc8 23. Qb3 Rc6 24. Ree1 b6 25. Qa3 Qb7 26. axb6 Rxb6 27. Ra1 Bb5 28. Bc5 Ra6 29. Qb2 Rxa1 30. Qxa1 a6 31. Qa3 Rc8 1/2-1/2

[Event "11th Arad Open 2018"]
[Site "Arad"]
[Date "2018.08.11"]
[Round "8"]
[White "Trifan, Andrei Ioan"]
[Black "David, Bogdan-Emanuel"]
[Result "1/2-1/2"]
[ECO "B32"]
[WhiteElo "2308"]
[BlackElo "2104"]
[Annotator "NA"]
[PlyCount "78"]
[EventDate "2018.08.05"]
[EventType "swiss"]
[EventCountry "ROU"]
[SourceTitle "playchess.com"]
[Source "ChessBase"]
[SourceQuality "1"]
[TimeControl "40/5400+30:1800+30"]

1. e4 c5 2. Nf3 Nc6 3. d4 cxd4 4. Nxd4 e5 5. Nb5 d6 6. N1c3 a6 7. Na3 b5 8. Nd5 Nge7 9. c4 Nxd5 10. exd5 Nd4 11. cxb5 Bd7 12. Bd3 axb5 13. O-O Qb8 14. Be3 Nf5 15. Qf3 Nxe3 16. fxe3 f6 17. Qh5+ Ke7 18. Nc2 Ra4 19. e4 g6 20. Qf3 Bg7 21. b3 Qa7+ 22. Qf2 Ra5 23. Rfd1 Bh6 24. Qxa7 Rxa7 25. Kf2 Rc8 26. h3 Rc3 27. g4 Bf4 28. Nb4 Ra5 29. Rg1 Kd8 30. Ke2 Kc7 31. h4 g5 32. hxg5 Bxg5 33. Nc2 Kb6 34. Ne3 Ra8 35. Rh1 h6 36. Nf5 Bxf5 37. gxf5 b4 38. Rhb1 Ra3 39. Rb2 Kb7 1/2-1/2

[Event "11th Arad Open 2018"]
[Site "Arad"]
[Date "2018.08.11"]
[Round "8"]
[White "Tomici, Stefan"]
[Black "Ungureanu, Sandu"]
[Result "1-0"]
[ECO "A15"]
[WhiteElo "2306"]
[BlackElo "2083"]
[Annotator "NA"]
[PlyCount "111"]
[EventDate "2018.08.05"]
[EventType "swiss"]
[EventCountry "ROU"]
[SourceTitle "playchess.com"]
[Source "ChessBase"]
[SourceQuality "1"]
[TimeControl "40/5400+30:1800+30"]

1. c4 Nf6 2. Nf3 d5 3. g3 Bf5 4. cxd5 Bxb1 5. Qa4+ Qd7 6. Qxd7+ Nbxd7 7. Rxb1 Nxd5 8. Bg2 c6 9. O-O e6 10. d3 g6 11. Bd2 Bg7 12. Rfc1 N5b6 13. Bb4 Nd5 14. Bd2 N5b6 15. Kf1 h6 16. Ne1 f5 17. e3 Kf7 18. Ke2 g5 19. e4 g4 20. Be3 h5 21. h4 Bh6 22. Nc2 Bxe3 23. Nxe3 Kg6 24. b4 a6 25. f4 gxf3+ 26. Bxf3 Ne5 27. exf5+ exf5 28. Ng2 Nxf3 29. Nf4+ Kh6 30. Kxf3 Nd7 31. d4 Rae8 32. Re1 Nf6 33. Re5 Rxe5 34. dxe5 Ng4 35. e6 Ne5+ 36. Ke3 Rd8 37. Rc1 Ng6 38. a3 Re8 39. Re1 Rd8 40. Re2 Ne7 41. Rd2 Rxd2 42. Kxd2 Ng8 43. Ke3 Kg7 44. Nxh5+ Kf8 45. Kf4 Ke7 46. Kxf5 b6 47. Nf4 a5 48. bxa5 bxa5 49. Ke5 Nh6 50. Ng6+ Ke8 51. h5 a4 52. Kd6 Nf5+ 53. Kxc6 Ng7 54. h6 Nxe6 55. h7 Nd8+ 56. Kb5 1-0